 Seeded DCSS version 0.31-a0-303-gdc8c9485ea (webtiles) character file.

Game seed: 14215367866634240820 (custom seed)

6835 innerfire43 the Cleaver (level 10, -3/80 HPs)
             Began as a Demonspawn Monk on July 16, 2023.
             Was a Believer of Cheibriados.
             Slain by an orange demon (7 damage)
             ... led by Amaemon
             ... on level 1 of the Lair of Beasts.
             The game lasted 00:11:44 (7376 turns).

innerfire43 the Cleaver (Demonspawn Monk)           Turns: 7376, Time: 00:11:45

Health: -3/80      AC: 15    Str: 20    XL:     10   Next: 77%
Magic:  10/10      EV: 14    Int: 15    God:    Cheibriados [**....]
Gold:   261        SH:  8    Dex: 20    Spells: 9/9 levels left

rFire   . . .        q - +8 frozen axe "Frostbite" {freeze, freezing cloud, *Noise Fly rC+}
rCold   + . .        (shield currently unavailable)
rNeg    . . .        r - +4 troll leather armour {Pargi}
rPois   +            (helmet restricted)
rElec   .            (no cloak)
rCorr   +            N - +0 pair of gloves
SInv    .            o - +0 pair of boots
Will    .....        (no amulet)
Stlth   +            v - ring of resist corrosion
HPRegen 1.13/turn    s - ring of poison resistance
MPRegen 0.12/turn

%: no passive effects
@: flying, very slow
A: horns 1, large bone plates 1, demonic guardian 2, icemail 1, condensation
shield
a: Renounce Religion, Bend Time


You were on level 1 of the Lair of Beasts.
You worshipped Cheibriados.
Cheibriados was pleased with you.
You visited 3 branches of the dungeon, and saw 11 of its levels.
You also visited: Sewer.

You collected 470 gold pieces.
You spent 209 gold pieces at shops.

Inventory:

Hand Weapons
 a - a +0 hand axe
 k - a +0 war axe
 q - the +8 frozen axe "Frostbite" (weapon) {freeze, freezing cloud, *Noise Fly rC+}
   (You acquired it on level 3 of the Dungeon)

   rC:        It protects you from cold.
   Fly:       It grants you flight.
   *Noise:    It may make noises in combat.
Missiles
 g - 5 silver javelins (quivered)
Armour
 b - a +0 robe
 d - an orb of light
 j - a +2 helmet
 o - a +0 pair of boots (worn)
 r - a +4 troll leather armour (worn) {Pargi}
 N - a +0 pair of gloves (worn)
Jewellery
 s - a ring of poison resistance (right hand)
 v - a ring of resist corrosion (left hand)
 E - a ring of see invisible
 K - a ring of flight
 L - an amulet of magic regeneration
Talismans
 C - a serpent talisman
Wands
 h - a wand of polymorph (26)
 n - a wand of roots (19)
 p - a wand of mindburst (19)
 y - a wand of quicksilver (17)
 A - a wand of paralysis (22)
 Q - a wand of flame (30)
Scrolls
 c - a scroll of fog
 e - 2 scrolls of enchant weapon {unknown}
 i - 2 scrolls of amnesia {unknown}
 m - 2 scrolls of poison
 t - 2 scrolls of blinking {unknown}
 B - 2 scrolls of vulnerability
 D - a scroll of summoning {unknown}
 F - a scroll of fear
 H - a scroll of immolation
 M - a scroll of teleportation
 P - a scroll of revelation {unknown}
 R - a scroll of identify
Potions
 f - 5 potions of curing
 l - a potion of berserk rage
 u - a potion of degeneration
 w - a potion of lignification
 x - 3 potions of brilliance
 z - a potion of haste
 G - 2 potions of heal wounds
 I - a potion of magic
 J - 2 potions of might {unknown}
 O - 2 potions of ambrosia


   Skills:
 - Level 8.0 Fighting
 * Level 11.5 Axes
 + Level 6.9 Armour
 - Level 4.3 Dodging


You had 9 spell levels left.
You didn't know any spells.
Your spell library contained the following spells:

 Spells                   Type           Power      Damage    Failure   Level
 Apportation              Tloc           0%         N/A       30%         1
 Necrotise                Necr           0%         1d4       30%         1
 Sandblast                Erth           0%         2d4       30%         1
 Summon Small Mammal      Summ           0%         N/A       30%         1
 Passwall                 Tmut/Erth      0%         N/A       43%         2
 Sublimation of Blood     Necr           0%         N/A       43%         2
 Gell's Gravitas          Tloc           0%         N/A       67%         3
 Stone Arrow              Conj/Erth      0%         3d7       67%         3
 Teleport Other           Tloc           0%         N/A       67%         3
 Petrify                  Tmut/Erth      0%         N/A       97%         4
 Irradiate                Conj/Tmut      0%         3d11      100%        5
 Dispersal                Tloc           0%         N/A       100%        6


Dungeon Overview and Level Annotations

Branches:
Dungeon (9/15)             Temple (1/1) D:7            Lair (1/5) D:9
    Orc (0/2) D:9           Sewer (visited)

Altars:
Cheibriados
Fedhas
Gozag
Kikubaaqudgha
Nemelex Xobeh
Qazlal
Ru
Sif Muna
Uskayaw
Yredelemnul

Shops:
D:4 [   D:5 *   D:7 *   D:9 !


Innate Abilities, Weirdness & Mutations

You have a pair of small horns on your head.
You are partially covered in large bone plates. (SH +4)
A demonic guardian rushes to your aid.
A meltable icy envelope protects you from harm. (AC +4)
A meltable shield of frost defends you. (SH +4)


Message History

You slice Amaemon!! You freeze Amaemon!
Amaemon is heavily wounded.
You barely miss the komodo dragon.
You hear the gusting winds of a snowstorm.
You hear a croak.
You hear a bellow! x3; You hear an angry hiss.
The komodo dragon bites you!! The orange demon closely misses you.
Your ice devil hits Amaemon.
Your ice devil freezes Amaemon!
Amaemon barely misses your ice devil. Amaemon claws your ice devil.
Amaemon tail-slaps your ice devil but does no damage.
You hit Amaemon. You freeze Amaemon. You headbutt Amaemon.
Amaemon is almost dead.
You barely miss the komodo dragon. You block the komodo dragon's attack.
Amaemon casts a spell.
Send 'em back where they came from!
Your ice devil disappears in a puff of smoke!
You block the orange demon's attack.
You slice Amaemon!! You freeze Amaemon.
You kill Amaemon!
Cheibriados thoroughly appreciates the change of pace.
You slash the komodo dragon! You freeze the komodo dragon.
The komodo dragon is engulfed in freezing vapours.
The komodo dragon bites you but does no damage.
You block the orange demon's attack.
The komodo dragon is engulfed in freezing vapours.
The komodo dragon seems to slow down.
The komodo dragon bites you!!
* * * LOW HITPOINT WARNING * * *
The orange demon stings you from afar.
* * * LOW HITPOINT WARNING * * *
The orange demon barely misses you.
The komodo dragon is engulfed in freezing vapours.
You kill the komodo dragon!
You see here a -1 demon whip of venom.
The orange demon stings you from afar!
* * * LOW HITPOINT WARNING * * *
A water moccasin comes into view.
The orange demon stings you!
* * * LOW HITPOINT WARNING * * *
The orange demon hits you but does no damage.
The orange demon stings you!
You die...

##.### #..#.##
##.....###
##........###
#...........##
##...........#
#.............#
#....○).......#
#...4@........#
#...............#
##..............#
#................
#................
...#............
..#.............
...###.........#


You could see an orange demon (curare).

Vanquished Creatures
  Amaemon (Lair:1)
  Pikel (D:7)
  Maggie (D:7)
  A komodo dragon (Lair:1)
  A troll (D:9)
  A hornet (D:9)
  8 yaks
  A wyvern (D:8)
  2 steam dragons
  3 water moccasins
  Duvessa (D:7)
  Pargi (Sewer)
  2 ice beasts
  2 sky beasts
  3 black bears
  3 orc warriors
  A centaur (D:8)
  A kobold brigand (D:8)
  A phantom (D:5)
  A bullfrog (D:9)
  3 scorpions
  A gnoll sergeant (D:9)
  8 wights (D:7)
  3 killer bees (D:9)
  A howler monkey (D:9)
  5 hounds
  4 orc priests
  2 iguanas
  Ijyb (D:4)
  Terence (D:3)
  4 orc wizards
  7 gnolls
  4 adders
  2 white imps
  2 worms
  2 dart slugs
  25 orcs
  10 ball pythons
  10 endoplasms
  8 giant cockroaches
  8 goblins
  6 hobgoblins
  6 jackals (D:1)
  14 kobolds
  10 quokkas
  5 bats
  6 frilled lizards
  4 rats
198 creatures vanquished.

Vanquished Creatures (collateral kills)
  Dowan (D:7)
  An iguana (D:6)
  A gnoll (D:2)
  A goblin (D:2)
4 creatures vanquished.

Grand Total: 202 creatures vanquished

Notes
Turn   | Place    | Note
-------+----------+-------------------------------------------
     0 | D:1      | innerfire43 the Demonspawn Monk began the quest for the
                  | Orb.
     0 | D:1      | Reached XP level 1. HP: 18/18 MP: 1/1
    60 | D:1      | Reached skill level 3 in Axes
    60 | D:1      | Gained mutation: A weak demonic guardian rushes to your
                  | aid. [demonic ancestry]
    60 | D:1      | Reached XP level 2. HP: 10/24 MP: 2/2
   543 | D:1      | Reached XP level 3. HP: 24/29 MP: 3/3
  1193 | D:2      | Gained mutation: A demonic guardian rushes to your aid.
                  | [demonic ancestry]
  1193 | D:2      | Reached XP level 4. HP: 8/35 MP: 4/4
  1673 | D:3      | Reached skill level 4 in Axes
  1766 | D:3      | Reached XP level 5. HP: 12/42 MP: 5/5
  2231 | D:3      | Noticed Terence
  2241 | D:3      | Killed Terence
  2514 | D:3      | Identified a scroll of acquirement
  2515 | D:3      | Acquired the +8 frozen axe "Frostbite" {freeze, freezing
                  | cloud, *Noise Fly rC+}
  2515 | D:3      | Found the +8 frozen axe "Frostbite" {freeze, freezing
                  | cloud, *Noise Fly rC+}
  2750 | D:4      | Found Junwutirr's Armour Shoppe.
  2792 | D:4      | Noticed a black bear
  2798 | D:4      | Killed a black bear
  2799 | D:4      | Reached XP level 6. HP: 32/48 MP: 6/6
  2998 | D:4      | Noticed Ijyb
  3003 | D:4      | Killed Ijyb
  3204 | D:4      | Found a glowing drain.
  3211 | D:4      | Reached skill level 5 in Axes
  3222 | Sewer    | Entered a sewer
  3343 | Sewer    | Noticed Pargi
  3351 | Sewer    | Killed Pargi
  3630 | D:4      | Gained mutation: A meltable shield of frost defends you.
                  | (SH +4) [demonic ancestry]
  3630 | D:4      | Reached XP level 7. HP: 55/55 MP: 7/7
  3823 | D:5      | Entered Level 5 of the Dungeon
  3847 | D:5      | Found Ucuimn's Serpentskin Sales.
  3853 | D:5      | Reached skill level 5 in Fighting
  3896 | D:5      | Reached skill level 6 in Axes
  3896 | D:5      | Reached skill level 1 in Armour
  4201 | D:5      | Gained mutation: You are partially covered in large bone
                  | plates. (SH +4) [demonic ancestry]
  4201 | D:5      | Reached XP level 8. HP: 63/63 MP: 8/8
  4664 | D:6      | Reached skill level 7 in Axes
  4742 | D:6      | Identified the +1 long sword "Demon's Foe" {pain, *Slow
                  | rPois Str-4 Int+5}
  5087 | D:7      | Found a staircase to the Ecumenical Temple.
  5093 | D:7      | Noticed Dowan
  5093 | D:7      | Noticed Duvessa
  5099 | D:7      | Killed Duvessa
  5112 | D:7      | Killed Dowan
  5259 | D:7      | Reached skill level 8 in Axes
  5284 | D:7      | Gained mutation: You have a pair of small horns on your
                  | head. [demonic ancestry]
  5284 | D:7      | Reached XP level 9. HP: 40/71 MP: 9/9
  5346 | D:7      | Found Jeemya's Assorted Antiques.
  5353 | D:7      | Bought a sedimented yellow potion for 27 gold pieces
  5353 | D:7      | Bought a scroll labelled DIMESUT MINWOG for 31 gold pieces
  5353 | D:7      | Bought a scroll labelled GAM FOZA HOOZ for 31 gold pieces
  5353 | D:7      | Bought a potion of curing for 93 gold pieces
  5353 | D:7      | Bought a sapphire potion for 27 gold pieces
  5420 | D:7      | Noticed Maggie
  5428 | D:7      | Killed Maggie
  5548 | D:7      | Noticed Pikel
  5553 | D:7      | Killed Pikel
  5554 | D:7      | Reached skill level 9 in Axes
  5584 | D:7      | Reached skill level 5 in Armour
  5703 | D:8      | Gained mutation: A meltable icy envelope protects you from
                  | harm. (AC +4) [demonic ancestry]
  5703 | D:8      | Reached XP level 10. HP: 80/80 MP: 10/10
  5760 | D:8      | Reached skill level 10 in Axes
  6154 | D:9      | Found a sparkling altar of Nemelex Xobeh.
  6154 | D:9      | Found a sacrificial altar of Ru.
  6154 | D:9      | Found an ancient bone altar of Kikubaaqudgha.
  6353 | D:9      | Found a hide-covered altar of Uskayaw.
  6356 | D:9      | Found a basalt altar of Yredelemnul.
  6531 | D:9      | Found a staircase to the Lair.
  6562 | D:9      | Found Luocluk's Distillery.
  6597 | D:9      | Found a staircase to the Orcish Mines.
  6751 | D:9      | Reached skill level 11 in Axes
  7093 | Temple   | Entered the Ecumenical Temple
  7120 | Temple   | Became a worshipper of Cheibriados the Contemplative
  7120 | Temple   | Reached * piety under Cheibriados
  7120 | Temple   | Reached ** piety under Cheibriados
  7293 | Lair:1   | Entered Level 1 of the Lair of Beasts
  7365 | Lair:1   | Noticed Amaemon
  7366 | Lair:1   | Noticed an orange demon
  7373 | Lair:1   | Killed Amaemon
  7376 | Lair:1   | HP: 4/80 [orange demon[Amaemon] (9)]
  7376 | Lair:1   | Slain by an orange demon

Illustrated notes

Levels and vault maps discovered:
D:1:      dpeg_arrival_castle, layout_basic, serial_forest,
          infiniplex_forest_straight_2, infiniplex_forest_straight_3,
          infiniplex_forest_clump_double, infiniplex_forest_lined_1,
          infiniplex_forest_clump_small, infiniplex_forest_straight_2,
          infiniplex_forest_lined_3_way
D:2:      layout_rooms
D:3:      layout_basic, general_overflow_altar, uniq_terence
D:4:      minmay_chambers_of_fours, layout_loops_ring, gup_sewer_entry_pipe,
          serial_shops, shop, uniq_ijyb
D:5:      layout_basic, guppyfry_shop_venom
D:6:      layout_rooms
D:7:      layout_rooms, minmay_temple_entry_hall, serial_shops,
          nicolae_shop_overgrown_old_shop, uniq_pikel, uniq_maggie, uniq_duvessa
D:8:      layout_cave_pools
D:9:      layout_basic, grunt_temple_overflow_open, lair_entry_dummy,
          serial_shops, shop
Temple:   nicolae_temple_elliptical
Lair:1:   layout_cave_pods, gauntlet_entry_generic, uniq_urug, uniq_amaemon

Skill      XL: |  1  2  3  4  5  6  7  8  9 10 |
---------------+-------------------------------+-----
Axes           | 3 4 5 6 8 9 11 | 11.5
Dodging        | 3 4 |  4.3
Fighting       | 4 5 6 7 8 |  8.0
Armour         | 2 3 5 6 |  6.9

Action                     |  1- 3 |  4- 6 |  7- 9 | 10-12 || total
---------------------------+-------+-------+-------+-------++-------
  Melee: Hand axe          |   107 |    51 |       |       ||   158
         War axe           |       |    36 |       |       ||    36
         Executioner's axe |       |    58 |   133 |    87 ||   278
         Headbutt          |       |       |     3 |    21 ||    24
  Throw: Javelin           |     2 |     1 |       |       ||     3
    Use: Potion            |     2 |       |     3 |       ||     5
         Scroll            |       |     8 |    11 |       ||    19
   Stab: Sleeping          |       |     3 |       |     1 ||     4
 Armour: Robe              |    21 |    61 |       |       ||    82
         Troll leather arm |       |       |    56 |    35 ||    91
  Dodge: Dodged            |   101 |   106 |    77 |    42 ||   326
  Block: Other             |       |       |    46 |    33 ||    79

Table legend: (Time is in decaauts)
 A = Elapsed time spent in this place.
 B = Non-inter-level travel time spent in this place.
 C = Inter-level travel time spent in this place.
 D = Time resting spent in this place.
 E = Time spent auto-exploring this place.
 F = Levels seen in this place.
 G = Mean time per level.
                   A        B        C        D        E       F      G
               +--------+--------+--------+--------+--------+-----+--------+
         Total |   7637 |   6749 |    888 |      0 |   5349 |  12 |  636.4 |
       Dungeon |   7231 |   6375 |    856 |      0 |   5084 |   9 |  803.4 |
        Temple |     62 |     31 |     31 |      0 |     14 |   1 |   62.0 |
          Lair |    117 |    117 |      0 |      0 |     88 |   1 |  117.0 |
         Sewer |    226 |    226 |      0 |      0 |    162 |   1 |  226.0 |
               +--------+--------+--------+--------+--------+-----+--------+

Top non-repeatable levels by time:
     D:3: 1098 daAuts
     D:1: 1059 daAuts
     D:9: 976 daAuts
     D:4: 915 daAuts
     D:5: 829 daAuts
     D:7: 673 daAuts
     D:8: 617 daAuts
     D:2: 599 daAuts
     D:6: 462 daAuts
   Sewer: 226 daAuts
  Lair:1: 117 daAuts
  Temple: 62 daAuts
